[Event "European Amateur Chess-ch 2022"]
[Site "Zagreb"]
[Date "2022.08.21"]
[Round "9.16"]
[White "Jakovic, Roko"]
[Black "Jakupec, Denis"]
[Result "1-0"]
[ECO "E71"]
[WhiteElo "1921"]
[BlackElo "2004"]
[Annotator "NA RC"]
[PlyCount "47"]
[EventDate "2022.08.14"]
[EventCountry "CRO"]
[SourceTitle "playchess.com"]
[Source "ChessBase"]
[SourceQuality "1"]
[TimeControl "40/5400+30:1800+30"]

1. d4 Nf6 2. c4 g6 3. Nc3 Bg7 4. e4 d6 5. h3 O-O 6. Be3 Na6 7. g4 c5 8. d5 e6 9. Qd2 exd5 10. cxd5 Nc7 11. f3 (11. a4 $11 {remains equal.}) 11... Re8 12. Bd3 (12. a4 $11) 12... Nfxd5 13. exd5 $2 (13. Nxd5 $11 {and White stays safe.} Nxd5 14. exd5) 13... Bd4 $4 (13... Bxc3 $19 {avoids the disaster.} 14. bxc3 Nxd5) 14. Be4 ({White should try} 14. Ne4 $18) 14... Bxe3 15. Qxe3 f5 16. gxf5 gxf5 17. O-O-O fxe4 18. fxe4 Bd7 19. Qg3+ $18 (19. Nf3 $142) 19... Kh8 20. Qxd6 Nb5 21. Nxb5 Bxb5 22. Qf4 Qe7 23. Nf3 Qxe4 24. Qf6+ 1-0

[Event "European Amateur Chess-ch 2022"]
[Site "Zagreb"]
[Date "2022.08.21"]
[Round "9.17"]
[White "Vukic, Aleksandar"]
[Black "Raljic, Mirko"]
[Result "1/2-1/2"]
[WhiteElo "2073"]
[BlackElo "2023"]
[Annotator "TA"]
[PlyCount "38"]
[EventDate "2022.08.14"]
[EventCountry "CRO"]
[SourceTitle "playchess.com"]
[Source "ChessBase"]
[SourceQuality "1"]
[TimeControl "40/5400+30:1800+30"]

1. d4 d5 2. c4 c6 3. e3 Nf6 4. Nc3 e6 5. Nf3 Be7 6. Bd3 Nbd7 7. O-O O-O {[#]} {Predecessor:} 8. e4 $146 {D46: Semi-Slav: 5 e3 Nbd7 6 Bd3, Black avoids the Meran.} dxe4 9. Nxe4 Nxe4 10. Bxe4 Nf6 11. Bc2 b6 12. Bg5 Bb7 13. Qd3 g6 14. Qc3 Rc8 15. Rad1 Qc7 16. d5 Ne8 17. Bxe7 Qxe7 18. dxe6 Qxe6 19. c5 Qf6 {1-0 (29) Nakamura,H (2736)-Fedoseev,V (2678) Chess.com INT 2020} 1/2-1/2

[Event "European Amateur Chess-ch 2022"]
[Site "Zagreb"]
[Date "2022.08.21"]
[Round "9.18"]
[White "Frouth, Nenad"]
[Black "Pal, Rohan"]
[Result "1/2-1/2"]
[ECO "B23"]
[WhiteElo "2121"]
[BlackElo "1935"]
[Annotator "TA"]
[PlyCount "40"]
[EventDate "2022.08.14"]
[EventCountry "CRO"]
[SourceTitle "playchess.com"]
[Source "ChessBase"]
[SourceQuality "1"]
[TimeControl "40/5400+30:1800+30"]

1. e4 c5 2. Nc3 Nc6 3. Bb5 Nd4 4. Bc4 Nf6 5. Nge2 e6 6. O-O {B23: Closed Sicilian: Lines without g3.} a6 7. a4 {Prevents b5.} Nxe4 8. Nxe4 {White is slightly better.} d5 9. Bd3 {[%cal Bc4d3,Bd3e4,Be4g2][%mdl 32] Threatens to win with N4g3.} dxe4 10. Bxe4 Bd6 {[%cal Od6h2] [#]} 11. g3 $146 ({Predecessor:} 11. Nxd4 cxd4 12. Qh5 g6 13. Qe2 Qc7 14. Kh1 O-O 15. c3 Be5 16. a5 Bd7 17. c4 {0-1 (44) Hernandez Guerrero,G (2536)-Izoria,Z (2645) Miami 2007}) 11... O-O 12. c3 Nxe2+ 13. Qxe2 Qe7 14. Bg2 e5 15. d3 Re8 16. f4 exf4 17. Qxe7 Rxe7 18. Bxf4 Bxf4 19. Rxf4 Be6 20. d4 cxd4 {Weighted Error Value: White=0.05 (flawless) /Black=0.07 (flawless)} 1/2-1/2

[Event "European Amateur Chess-ch 2022"]
[Site "Zagreb"]
[Date "2022.08.21"]
[Round "9.19"]
[White "Takac, Zvonko"]
[Black "Starcevic, Danijel"]
[Result "0-1"]
[ECO "E91"]
[WhiteElo "2040"]
[BlackElo "1935"]
[Annotator "TA"]
[PlyCount "84"]
[EventDate "2022.08.14"]
[EventCountry "CRO"]
[SourceTitle "playchess.com"]
[Source "ChessBase"]
[SourceQuality "1"]
[TimeControl "40/5400+30:1800+30"]

1. d4 Nf6 2. Nf3 g6 3. c4 Bg7 4. Nc3 O-O 5. e4 d6 6. Be2 Na6 7. a3 {E91: King's Indian: Classical: 6 Be2, unusual replies including 6...c5 and 6...Bg4.} e5 8. d5 Nc5 9. Qc2 {The position is equal.} a5 10. Be3 b6 11. h3 Nh5 12. O-O f5 {[#]} 13. Ne1 $146 (13. Rfe1) (13. Rfe1 $11 {remains equal.}) ({Predecessor:} 13. b4 Nxe4 14. Nxe4 fxe4 15. Nd2 Nf4 16. Nxe4 Bf5 17. Bg4 Qh4 18. g3 Nxh3+ 19. Kh2 Qxg4 20. f3 Bxe4 21. Qxe4 Qh5 22. g4 Qh4 23. Rh1 Nf4+ 24. Kg1 Qg3+ {0-1 (24) Kienel,N (1837)-Paus,F (2145) Buesum 2017}) 13... Nf6 (13... Nxe4 $17 14. Nxe4 fxe4 15. Bxh5 gxh5 16. Qxe4 Bf5) 14. f3 (14. exf5 $11 Bxf5 15. Nd3) 14... Nh5 $17 15. Kh2 {Inhibits Ng3.} f4 16. Bf2 a4 17. Rg1 (17. Nd3 $142) 17... Bh6 18. Bf1 Nb3 19. Rd1 Bd7 20. Nd3 Bg5 21. Ne2 Bh4 22. Qc3 Qg5 {And now ...Bg3+ would win.} 23. Qe1 Bxf2 {Black is much more active.} 24. Qxf2 Qh6 25. Qe1 g5 26. Nf2 Kh8 ({And not} 26... Ng3 27. Nxg3 fxg3+ 28. Kxg3 $15) 27. Rh1 Rf7 (27... Ng3 $19 28. Rg1 g4 29. fxg4 Rg8) 28. Kg1 Ng3 29. Nxg3 fxg3 30. Ng4 Qh4 31. Be2 {[#]} h5 $1 32. Ne3 Qf4 33. Rd3 Nd4 34. Nf1 $2 (34. Qd2) 34... b5 $19 35. Nxg3 $2 {[#]} (35. Rxd4 exd4 36. cxb5) 35... Qxg3 $3 {[%mdl 576] Remove Defender. Black is clearly winning.} 36. Qxg3 (36. Qf2 bxc4) 36... Nxe2+ 37. Kf2 Nxg3 38. Kxg3 bxc4 39. Rc3 Bb5 40. h4 Kg7 41. hxg5 Kg6 42. Kf2 Kxg5 {Weighted Error Value: White=0.29 (precise) /Black=0.08 (flawless)} 0-1